 Dungeon Crawl Stone Soup version 0.30-a0-358-g0d69a1922f (webtiles) character file.

Game seed: 10894541188614119730

560 mopl the Magician (level 7, -2/41 HPs)
             Began as an Octopode Hedge Wizard on Nov 9, 2022.
             Slain by an orc wizard
             ... wielding a +0 dagger
              (3 damage)
             ... on level 4 of the Dungeon.
             The game lasted 00:04:58 (3512 turns).

mopl the Magician (Octopode Hedge Wizard)           Turns: 3512, Time: 00:04:58

Health: -2/41      AC:  1    Str:  9    XL:     7   Next: 31%
Magic:  4/4        EV: 13    Int: 22    God:
Gold:   131        SH:  0    Dex: 12    Spells: 9/15 levels left

rFire   . . .      SeeInvis .    v - +11 trident of mopl's Doom {antimagic, rElec rC+ Int+4}
rCold   + . .      Faith    .    (no shield)
rNeg    . . .      Spirit   .    q - +0 hat
rPois   .          Reflect  .    (no amulet)
rElec   +          Harm     .    d - ring of willpower
rCorr   +          Rampage  .    i - ring of resist corrosion
Will    +....                    (no ring)
Stlth   +++.......               (no ring)
HPRegen 0.26/turn                (no ring)
MPRegen 0.09/turn                (no ring)
                                 (no ring)
                                 (no ring)

@: hasted, very quick
A: almost no armour, amphibious, 8 rings, camouflage 1, gelatinous body 1,
(nimble swimmer 1), tentacles
a: no special abilities


You were on level 4 of the Dungeon.
You visited 1 branch of the dungeon, and saw 5 of its levels.

You collected 131 gold pieces.

Inventory:

Hand Weapons
 b - a +0 lajatang
 m - a +0 dagger
 v - the +11 trident of mopl's Doom (weapon) {antimagic, rElec rC+ Int+4}
   (You found it on level 3 of the Dungeon)

   It reduces the magical energy of the wielder, and disrupts the spells and
   magical abilities of those it strikes.
   Natural abilities and divine invocations are not affected.
   Int:       It affects your intelligence (+4).
   rC:        It protects you from cold.
   rElec:     It insulates you from electricity.
 y - the +5 rapier of the Thieving Visionary {vorpal, +Blink rF+}
   (You found it on level 4 of the Dungeon)

   It inflicts extra damage upon your enemies.
   rF:        It protects you from fire.
   +Blink:    It lets you blink.
Missiles
 g - 6 poisoned darts (quivered)
 w - 4 curare-tipped darts
Armour
 q - a +0 hat (worn)
Magical Staves
 a - a staff of death
Jewellery
 d - a ring of willpower (left tentacle)
 i - a ring of resist corrosion (right tentacle)
Scrolls
 f - 3 scrolls of enchant weapon {unknown}
 k - a scroll of fear {unknown}
 l - a scroll of identify {unknown}
 n - a scroll of noise {unknown}
 p - a scroll of vulnerability {unknown}
 r - a scroll of teleportation {unknown}
 s - a scroll of blinking {unknown}
 t - a scroll of fog {unknown}
 u - 2 scrolls of summoning {unknown}
 x - a scroll of enchant armour {unknown}
 z - a scroll of immolation {unknown}
Potions
 c - a potion of magic
 e - a potion of attraction {unknown}
 h - 3 potions of haste
 j - 2 potions of degeneration {unknown}
 o - 3 potions of curing {unknown}
 A - a potion of brilliance {unknown}


   Skills:
 + Level 2.1 Staves
 - Level 2.0 Dodging
 - Level 2.6 Stealth
 * Level 4.8 Spellcasting
 * Level 4.0 Conjurations
 - Level 1.0 Summonings
 - Level 2.0 Translocations
 + Level 2.8 Poison Magic
 + Level 2.4 Evocations


You had 9 spell levels left.
You knew the following spells:

 Your Spells              Type           Power      Damage    Failure   Level
a - Magic Dart            Conj           92%        1d7       1%          1
c - Mephitic Cloud        Conj/Pois/Air  15%        N/A       12%         3
e - Blink                 Tloc           28%        N/A       7%          2

Your spell library contained the following spells:

 Spells                   Type           Power      Damage    Failure   Level
 Slow                     Hex            20%        N/A       11%         1
 Call Imp                 Summ           9%         N/A       11%         2
 Cigotuvi's Dreadful Rot  Necr/Pois/Air  18%        N/A       11%         2


Dungeon Overview and Level Annotations

Branches:
Dungeon (5/15)
 Temple: D:4-7

Altars:
The Shining One


Innate Abilities, Weirdness & Mutations

You cannot wear most types of armour.
You are amphibious.
You can wear up to eight rings at the same time.
Your skin changes colour to match your surroundings (Stealth+).
Your rubbery body absorbs attacks. (AC +1, EV +1)
((You are camouflaged when in or above water. (Stealth+)))
You have tentacles for arms and can constrict up to eight enemies at once.


Message History

You reach to attack!
You completely miss the orc wizard.
The orc priest shouts!
You hear a shout!
You barely miss the orc wizard. Your grab misses the orc wizard.
Your squeeze misses the orc wizard.
An orc comes into view. It is wielding a +0 dagger.
The orc wizard casts a spell at you. The puff of flame hits you!
You puncture the orc wizard!
The orc wizard's magic leaks into the air.
Your grab misses the orc wizard. You squeeze the orc wizard.
The orc wizard is severely wounded.
The orc wizard's magic is no longer disrupted.
The orc priest calls upon Beogh to heal the orc wizard.
The orc wizard is healed somewhat.
The orc wizard barely misses you. The orc wizard closely misses you.
There is a stone staircase leading up here.
Unknown command.
The orc priest invokes the aid of Beogh against you.
Beogh smites you! The orc priest hits you with a +0 mace.
The orc wizard barely misses you. The orc barely misses you.
You climb upwards.
There is a stone staircase leading down here.
Unknown command.
You puncture the orc wizard!
The orc wizard's magic leaks into the air.
Your grab misses the orc wizard. Your squeeze misses the orc wizard.
The orc wizard is almost dead.
The orc hits you with a +3 whip.
* * * LOW HITPOINT WARNING * * *
The orc wizard closely misses you.
The orc priest hits you but does no damage.
The orc misses you.
The orc wizard hits you with a +0 dagger.
* * * LOW HITPOINT WARNING * * *
The orc priest hits you with a +0 mace.
* * * LOW HITPOINT WARNING * * *
It was a potion of haste.
You feel yourself speed up. The orc barely misses you.
The orc wizard hits you with a +0 dagger.
You die...

#.#.##...## <##.###.## ###.# #.#
###.###.##### #...........#
###### ........#.#.##########
#≈≈~≈#
..#.#..###).##.......#####≈~≈~###
#.#.#.## ##....##o.......'~≈~≈'.#
....#..###..##.o@o##.#####≈~≈~#.#
#.###...#.#.##.#####.# #≈≈~≈#.#
#.###.....).##.#####.# ######.#
.......#.#####.......# #...##.#
######......##.######## #......#
# #.......#.#.......# #...####
#####..#.#...##.......# #.###
.......#.....##.......####.###
#########....#........##.....#


You could see an orc priest, an orc wizard (magic disrupted) and an orc.

Vanquished Creatures
  2 black bears
  A phantom (D:4)
  A necrophage (D:5)
  A hound (D:3)
  3 orc priests (D:3)
  5 adders
  4 dart slugs
  6 orcs (D:3)
  5 endoplasms
  A giant cockroach (D:2)
  6 goblins
  7 hobgoblins
  3 jackals (D:1)
  7 kobolds
  5 quokkas
  10 ball pythons
  3 bats
  5 frilled lizards
  9 rats
84 creatures vanquished.

Notes
Turn   | Place    | Note
-------+----------+-------------------------------------------
     0 | D:1      | mopl the Octopode Hedge Wizard began the quest for the Orb.
     0 | D:1      | Reached XP level 1. HP: 11/11 MP: 4/4
   105 | D:1      | Reached XP level 2. HP: 17/17 MP: 6/6
   111 | D:1      | Learned a level 2 spell: Blink
   324 | D:1      | Reached XP level 3. HP: 12/21 MP: 7/7
   328 | D:1      | Learned a level 3 spell: Mephitic Cloud
   537 | D:1      | Reached skill level 2 in Conjurations
  1844 | D:3      | Reached XP level 4. HP: 24/27 MP: 9/9
  1878 | D:3      | Identified the +11 trident of mopl's Doom {antimagic, rElec
                  | rC+ Int+4}
  1976 | D:3      | Reached skill level 2 in Translocations
  1976 | D:3      | Reached skill level 1 in Poison Magic
  2021 | D:3      | Reached skill level 1 in Evocations
  2021 | D:3      | Reached XP level 5. HP: 31/31 MP: 3/10
  2023 | D:3      | Reached skill level 4 in Spellcasting
  2060 | D:3      | Noticed a black bear
  2087 | D:3      | Killed a black bear
  2088 | D:3      | Reached skill level 1 in Staves
  2088 | D:3      | Reached skill level 3 in Conjurations
  2088 | D:3      | Reached skill level 2 in Poison Magic
  2088 | D:3      | Reached XP level 6. HP: 36/36 MP: 2/12
  2741 | D:4      | Noticed a black bear
  2748 | D:4      | Killed a black bear
  2749 | D:4      | Reached skill level 2 in Evocations
  2750 | D:4      | Identified the +5 rapier of the Thieving Visionary {vorpal,
                  | +Blink rF+}
  2829 | D:4      | Found a glowing golden altar of the Shining One.
  3115 | D:4      | Reached XP level 7. HP: 12/41 MP: 4/14
  3319 | D:4      | Reached skill level 2 in Staves
  3475 | D:5      | Entered Level 5 of the Dungeon
  3497 | D:5      | Reached skill level 4 in Conjurations
  3511 | D:4      | HP: 1/41 [orc priest/+0 mace (6)]
  3512 | D:4      | Slain by an orc wizard

Illustrated notes

Levels and vault maps discovered:
D:1:      mrwooster_arrival_statue, layout_basic
D:2:      layout_basic
D:3:      layout_basic
D:4:      layout_loops_cross, nicolae_tso_carved_into_rock,
          chequers_serial_rivers_room_b
D:5:      layout_basic, minmay_temple_entry_poolview, serial_shops, shop_coins,
          nicolae_shop_i_like_big_books

Skill      XL: |  1  2  3  4  5  6  7 |
---------------+----------------------+-----
Conjurations   | 2 3 4 |  4.0
Translocations | 2 |  2.0
Poison Magic   | 1 2 |  2.8
Evocations     | 1 2 |  2.4
Spellcasting   | 4 |  4.8
Staves         | 1 2 |  2.1
Dodging        | |  2.0
Stealth        | |  2.6
Summonings     | |  1.0

Action                   |  1- 3 |  4- 6 |  7- 9 || total
-------------------------+-------+-------+-------++-------
Melee: Dagger            |    65 |       |       ||    65
       Constrict         |    27 |    11 |     1 ||    39
       Tentacles         |    28 |     6 |     2 ||    36
       Punch             |     3 |       |       ||     3
       Staff             |    27 |       |       ||    27
       Lajatang          |    16 |     3 |       ||    19
       Trident           |       |    62 |    11 ||    73
Throw: Dart              |       |     8 |       ||     8
 Cast: Magic Dart        |       |     1 |       ||     1
  Use: Potion            |       |       |     1 ||     1
 Stab: Sleeping          |    11 |     9 |     1 ||    21
       Distracted        |     1 |     1 |     1 ||     3
Armor: Skin              |     9 |     2 |     1 ||    12
Dodge: Dodged            |    63 |    31 |     8 ||   102

Table legend: (Time is in decaauts)
 A = Elapsed time spent in this place.
 B = Non-inter-level travel time spent in this place.
 C = Inter-level travel time spent in this place.
 D = Time resting spent in this place.
 E = Time spent auto-exploring this place.
 F = Levels seen in this place.
 G = Mean time per level.
                   A        B        C        D        E       F      G
               +--------+--------+--------+--------+--------+-----+--------+
         Total |   3541 |   3392 |    149 |    213 |   2525 |   5 |  708.2 |
       Dungeon |   3541 |   3392 |    149 |    213 |   2525 |   5 |  708.2 |
               +--------+--------+--------+--------+--------+-----+--------+

Top non-repeatable levels by time:
     D:3: 1012 daAuts
     D:2: 911 daAuts
     D:4: 805 daAuts
     D:1: 776 daAuts
     D:5: 36 daAuts
